AoeStats
← Malanka

QS Arena

503134886Analyzed
4v4 RM · 1mo ago on Aug 30, 2026· 33m 12s· 8 players
Game mode
Random Map
Map size
Large (8 player)
Population
200
Speed
Normal
Resources
Standard
Victory
Conquest
Starting age
Dark Age
Ending age
Imperial Age
RankedLock teamsTeams togetherTeam positionsShared explorationLock speedFull tech treeHidden civsTurbo modeCheats
Victory
Defeat
🇺🇸 Japanese · United States
1485
+14
🇺🇾 Burgundians · Uruguay
1479
+14
🇨🇳 Italians · China
1454
+16
🇨🇳 Mongols · China
1436
+16
🇨🇳 Burgundians · China
1557
-20
🇨🇳 Khitans · China
1441
-15
🇨🇳 Turks · China
1320
-10
YiTiaoQu
8:34 Feudal Age
9:13 Double-Bit Axe
12:09 Castle Age
9:53 Domestication
13:33 Bow Saw
19:29 Gold Mining
19:45 Pastoralism
21:02 Wheelbarrow
20:53 Gold Mining
21:40 Husbandry
21:56 Forging
23:24 Iron Casting
24:42 Hand Cart
24:13 Loom
24:41 Scale Barding Armor
28:22 Imperial Age
26:45 Chain Barding Armor
28:17 Town Watch
28:30 Stone Mining
28:54 Elite Steppe Lancer
29:06 Capped Ram
29:25 Capped Ram
30:43 Plate Barding Armor
29:58 Heavy Camel Rider
30:42 Town Patrol
31:06 Conscription
30:51 Ordo Cavalry
31:08 Conscription
30:38 Siege Ram
doro想吃orange
8:24 Feudal Age
10:01 Double-Bit Axe
12:17 Castle Age
10:21 Horse Collar
13:31 Bow Saw
13:49 Loom
15:03 Heavy Plow
16:43 Town Watch
17:22 Stone Mining
18:17 Gold Mining
20:04 Wheelbarrow
24:36 Imperial Age
22:21 Padded Archer Armor
27:23 Sipahi
26:35 Elite Janissary
31:45 Conscription
32:22 Leather Archer Armor
夫国之有民,犹水之有舟,停则以安,扰则以危
8:20 Feudal Age
9:07 Double-Bit Axe
12:01 Castle Age
9:55 Horse Collar
13:11 Bow Saw
18:21 Wheelbarrow
18:36 Loom
20:00 Hand Cart
19:31 Town Watch
25:57 Imperial Age
24:26 Fletching
24:37 Padded Archer Armor
24:44 Gold Mining
24:45 Stone Mining
25:22 Ballistics
25:18 Heavy Plow
26:17 Coinage
26:24 Coinage
25:56 Bodkin Arrow
25:34 Elite Skirmisher
27:00 Leather Archer Armor
27:49 Chemistry
28:18 Coinage
30:40 Crop Rotation
31:37 Banking
33:09 Caravan
33:25 Guilds
34:24 Two-Man Saw
cookie tin
1:48 Double-Bit Axe
8:16 Feudal Age
6:33 Horse Collar
13:07 Castle Age
11:26 Bow Saw
11:58 Heavy Plow
13:49 Husbandry
14:53 Wheelbarrow
19:10 Light Cavalry
20:14 Fervor
20:54 Hand Cart
23:14 Forging
23:13 Gold Mining
24:39 Scale Barding Armor
27:21 Imperial Age
24:37 Loom
24:37 Town Watch
25:28 Crop Rotation
25:45 Chain Barding Armor
25:01 Cavalier
26:34 Iron Casting
26:35 Town Patrol
26:24 Treadmill Crane
27:32 Paladin
28:48 Plate Barding Armor
29:43 Gold Shaft Mining
30:14 Blast Furnace
30:31 Conscription
31:28 Two-Man Saw
31:46 Guilds
31:14 Capped Ram
Fort
2:06 Loom
8:40 Feudal Age
14:15 Castle Age
12:32 Double-Bit Axe
12:58 Horse Collar
13:16 Gold Mining
21:54 Imperial Age
20:34 Bow Saw
23:00 Conscription
26:04 Kataparuto
26:16 Conscription
27:18 Masonry
29:42 Fletching
30:47 Wheelbarrow
32:05 Two-Man Saw
32:20 Pikeman
33:01 Squires
Malanka
8:26 Feudal Age
7:14 Horse Collar
7:35 Horse Collar
10:16 Loom
13:42 Castle Age
11:50 Double-Bit Axe
13:00 Bow Saw
13:47 Heavy Plow
16:16 Two-Man Saw
16:40 Crop Rotation
17:17 Stone Mining
22:24 Gold Mining
27:35 Imperial Age
25:25 Scale Barding Armor
25:33 Husbandry
24:58 Cavalier
26:19 Wheelbarrow
25:30 Town Watch
25:19 Cavalier
27:20 Chain Barding Armor
27:17 Fletching
28:06 Stone Shaft Mining
27:39 Paladin
28:41 Conscription
29:42 Plate Barding Armor
30:17 Forging
32:15 Iron Casting
棒总
6:04 Loom
8:02 Feudal Age
9:24 Double-Bit Axe
12:26 Castle Age
10:34 Stone Mining
10:31 Horse Collar
13:40 Bow Saw
17:47 Fletching
20:53 Padded Archer Armor
22:18 Wheelbarrow
23:28 Heavy Plow
23:59 Ballistics
24:33 Gold Mining
25:20 Hand Cart
28:49 Imperial Age
27:10 Stone Shaft Mining
27:11 Squires
26:56 Arson
27:09 Bodkin Arrow
28:17 Scale Mail Armor
28:28 Forging
29:49 Conscription
29:47 Chain Mail Armor
31:02 Chemistry
31:17 Plate Mail Armor
31:53 Iron Casting
33:00 Town Watch
33:48 Crop Rotation
34:32 Blast Furnace
2035007090
8:01 Feudal Age
12:06 Castle Age
10:31 Double-Bit Axe
11:46 Horse Collar
13:10 Bow Saw
13:45 Wheelbarrow
13:52 Heavy Plow
18:45 Gold Mining
19:23 Stone Mining
22:52 Gold Shaft Mining
23:38 Stone Shaft Mining
26:18 Imperial Age
23:34 Loom
23:47 Fletching
23:59 Padded Archer Armor
24:53 Hand Cart
24:36 Bodkin Arrow
26:26 Leather Archer Armor
26:19 Thumb Ring
26:30 Bloodlines
26:21 Husbandry
27:26 Bracer
28:27 Chemistry
27:57 Ballistics
27:59 Elite Mangudai
28:02 Light Cavalry
29:26 Murder Holes
29:41 Masonry
31:29 Scale Barding Armor
31:35 Forging
31:51 Parthian Tactics
32:04 Conscription
32:15 Heavy Camel Rider
Connection lost

Rejoining the realm…

Still unreachable

The connection could not be restored.

Session expired

The server has moved on; the page needs a fresh start.